 Dungeon Crawl Stone Soup version 0.29-a0-1006-g0dd7720b37 (webtiles) character file.

Game seed: 5588290814580733949

829 Ajdolov the Cleaver (level 7, -1/57 HPs)
             Began as a Ghoul Berserker on Aug 6, 2022.
             Was a Believer of Trog.
             Slain by Prince Ribbit (7 damage)
             ... on level 5 of the Dungeon.
             The game lasted 00:07:34 (4972 turns).

Ajdolov the Cleaver (Ghoul Berserker)               Turns: 4972, Time: 00:07:34

Health: -1/57      AC: 10    Str: 22    XL:     7   Next: 97%
Magic:  6/6        EV:  8    Int:  3    God:    Trog [**....]
Gold:   240        SH:  0    Dex:  8    Spells: 6/6 levels left

rFire   . . .      SeeInvis .   b - +0 war axe
rCold   + . .      Faith    .   (no shield)
rNeg    + + +      Spirit   .   j - +0 chain mail
rPois   ∞          Reflect  .   w - +0 helmet
rElec   +          Harm     .   (no cloak)
rCorr   .          Rampage  .   (no gloves)
Will    ++...                   k - +0 pair of boots
Stlth   ..........              p - amulet of the Air {Inacc Air Fly rElec RMsl}
HPRegen 1.00/turn               (no ring)
MPRegen 0.10/turn               (no ring)

@: strong-willed, flying, regenerating, repel missiles
A: claws 1, cold resistance 1, negative energy resistance 3, inhibited
regeneration, torment resistance 2, devour on kill
a: Renounce Religion, Trog's Hand


You were on level 5 of the Dungeon.
You worshipped Trog.
Trog was pleased with you.
You visited 1 branch of the dungeon, and saw 5 of its levels.
You also visited: Sewer.

You collected 240 gold pieces.

Inventory:

Hand Weapons
 b - a +0 war axe (weapon)
Missiles
 c - 8 boomerangs (quivered)
 v - 4 silver javelins
 y - a throwing net
Armour
 j - a +0 chain mail (worn)
 k - a +0 pair of boots (worn)
 w - a +0 helmet (worn)
Jewellery
 p - the amulet of the Air (around neck) {Inacc Air Fly rElec RMsl}
   (You found it on level 2 of the Dungeon)

   [amulet of nothing]

   It reduces the accuracy of all your attacks.
   It enhances your air magic.
   rElec:     It insulates you from electricity.
   Fly:       It grants you flight.
   RMsl:      It protects you from missiles.
Wands
 t - a wand of mindburst (4)
Scrolls
 d - 3 scrolls of vulnerability
 e - a scroll of blinking
 f - 2 scrolls of torment
 g - a scroll of silence
 l - a scroll of poison
 m - 4 scrolls of teleportation
 s - a scroll of fear
 x - a scroll of immolation
Potions
 a - a potion of heal wounds {unknown}
 h - 3 potions of curing
 i - 5 potions of flight
 n - a potion of attraction {unknown}
 q - a potion of invisibility {unknown}
 u - a potion of haste


   Skills:
 - Level 3.2 Fighting
 + Level 8.4 Axes
 - Level 1.7 Armour
 - Level 1.7 Dodging


You had 6 spell levels left.
You didn't know any spells.
Your spell library was empty.

Dungeon Overview and Level Annotations

Branches:
Dungeon (5/15)              Sewer (visited)
 Temple: D:4-7

Altars:
Hepliaklqana
Kikubaaqudgha
Makhleb
Nemelex Xobeh

Annotations:
D:5 Prince Ribbit


Innate Abilities, Weirdness & Mutations

You are immune to poison.
You have sharp fingernails.
Your flesh is cold resistant. (rC+)
You are immune to negative energy. (rN+++)
You do not regenerate when monsters are visible.
You are immune to unholy pain and torment.
You thrive by killing the living.


Message History

Prince Ribbit is lightly wounded.
Prince Ribbit blinks!
No target in view!
No target in view!
No target in view!
No target in view!
You see here a scroll of blinking.
You closely miss Prince Ribbit.
Prince Ribbit is lightly wounded.
Prince Ribbit hits you! x2
You barely miss Prince Ribbit.
Prince Ribbit is lightly wounded.
Prince Ribbit hits you. Prince Ribbit hits you!
* * * LOW HITPOINT WARNING * * *
You are too injured to fight recklessly!
You are too injured to fight recklessly!
You feel better.
Prince Ribbit blinks!
Your skin crawls.
You feel strong-willed.
Prince Ribbit hits you but does no damage.
You barely miss Prince Ribbit.
Prince Ribbit is lightly wounded.
Prince Ribbit hits you but does no damage.
You miss Prince Ribbit.
Prince Ribbit is lightly wounded.
Prince Ribbit hits you!
* * * LOW HITPOINT WARNING * * *
Prince Ribbit completely misses you.
You barely miss Prince Ribbit.
Prince Ribbit is lightly wounded.
Prince Ribbit barely misses you.
You completely miss Prince Ribbit.
Prince Ribbit is lightly wounded.
Prince Ribbit hits you!
* * * LOW HITPOINT WARNING * * *
Prince Ribbit hops awkwardly around.
Prince Ribbit hits you.
* * * LOW HITPOINT WARNING * * *
Prince Ribbit attacks as you move away! Prince Ribbit hits you!
You die...

#.########.#.#)#
#.# #.#
#.#.#.###.# #.#
#.#.#...#.# #.#
#.#.....#.#
#.#..#..# #
######.#.....#.##
#......##.#......
#..............##
#...F@.#..######
#..?...#..#
########..# #...#
#...# ##..##
#...# #...#
##...# ###.


You could see Prince Ribbit.

Vanquished Creatures
  A water moccasin (Sewer)
  A black bear (D:4)
  An ogre (D:4)
  A phantom (D:4)
  A scorpion (D:5)
  An orc priest (D:5)
  A hound (D:5)
  An iguana (D:4)
  5 orc wizards
  Robin (D:4)
  3 gnolls (D:3)
  6 adders
  A worm (D:4)
  4 dart slugs
  15 orcs
  2 ball pythons (D:4)
  9 bats
  7 endoplasms
  2 giant cockroaches
  13 goblins
  9 hobgoblins
  6 jackals
  3 quokkas
  2 frilled lizards (D:1)
  2 kobolds
  2 rats
100 creatures vanquished.

Notes
Turn   | Place    | Note
-------+----------+-------------------------------------------
     0 | D:1      | Ajdolov the Ghoul Berserker began the quest for the Orb.
     0 | D:1      | Reached XP level 1. HP: 19/19 MP: 0/0
    60 | D:1      | Found a faded altar of an unknown god.
    80 | D:1      | Reached skill level 3 in Axes
   194 | D:1      | Reached XP level 2. HP: 26/26 MP: 1/1
   909 | D:1      | Reached XP level 3. HP: 26/31 MP: 2/2
  1201 | D:2      | Reached skill level 4 in Axes
  1739 | D:2      | Found the amulet of the Air {Inacc Air Fly rElec RMsl}
  1940 | D:3      | Reached ** piety under Trog
  1996 | D:3      | Reached XP level 4. HP: 16/38 MP: 3/3
  2272 | D:3      | Reached skill level 5 in Axes
  2272 | D:3      | Reached XP level 5. HP: 25/45 MP: 4/4
  2288 | D:3      | HP: 1/45 [something (3)]
  2480 | D:3      | Found a burning altar of Makhleb.
  2492 | D:3      | Found an ancient bone altar of Kikubaaqudgha.
  3052 | D:4      | Noticed a black bear
  3372 | D:4      | Killed a black bear
  3373 | D:4      | Reached skill level 6 in Axes
  3373 | D:4      | Reached XP level 6. HP: 47/51 MP: 5/5
  3467 | D:4      | Noticed Robin
  3484 | D:4      | Killed Robin
  3559 | D:4      | Found a hazy altar of Hepliaklqana.
  3617 | D:4      | Reached skill level 7 in Axes
  3617 | D:4      | Reached XP level 7. HP: 39/57 MP: 6/6
  3654 | D:4      | Found a sparkling altar of Nemelex Xobeh.
  4108 | D:5      | Entered Level 5 of the Dungeon
  4195 | D:5      | Found a glowing drain.
  4204 | Sewer    | Entered a sewer
  4352 | Sewer    | Reached skill level 8 in Axes
  4807 | D:5      | Reached *** piety under Trog
  4951 | D:5      | Noticed Prince Ribbit
  4972 | D:5      | Slain by Prince Ribbit

Illustrated notes

Levels and vault maps discovered:
D:1:      lightli_molten_gateway, layout_loops_cross,
          chequers_ecumenical_altar_simple
D:2:      layout_basic
D:3:      kb_forest_paths, layout_rooms, mainiacjoe_overflow_big_doors
D:4:      layout_basic, mainiacjoe_overflow_tiny_flanked,
          nzn_hepliaklqana_mist_gate, kennysheep_generic_room_12, uniq_robin
D:5:      layout_basic, portal_sewer_entry_d, serial_curves, eino_curves_04,
          eino_curves_03, uniq_prince_ribbit1, uniq_grinder, uniq_duvessa

Skill      XL: |  1  2  3  4  5  6  7 |
---------------+----------------------+-----
Axes           | 3 4 5 6 7 8 |  8.4
Fighting       | |  3.2
Armour         | |  1.7
Dodging        | |  1.7

Action                   |  1- 3 |  4- 6 |  7- 9 || total
-------------------------+-------+-------+-------++-------
Melee: Hand axe          |   127 |   206 |   157 ||   490
       Punch             |     2 |     3 |     1 ||     6
       War axe           |       |       |    10 ||    10
Throw: Boomerang         |       |       |     2 ||     2
Invok: Trog's Hand       |     1 |     3 |     2 ||     6
Evoke: Wand              |       |     3 |       ||     3
  Use: Scroll            |       |       |    12 ||    12
       Potion            |       |       |     2 ||     2
Armor: Animal skin       |    24 |       |       ||    24
       Chain mail        |    46 |    94 |    85 ||   225
Dodge: Dodged            |    68 |    66 |    65 ||   199
       Repelled          |       |       |     3 ||     3

Table legend: (Time is in decaauts)
 A = Elapsed time spent in this place.
 B = Non-inter-level travel time spent in this place.
 C = Inter-level travel time spent in this place.
 D = Time resting spent in this place.
 E = Time spent auto-exploring this place.
 F = Levels seen in this place.
 G = Mean time per level.
                   A        B        C        D        E       F      G
               +--------+--------+--------+--------+--------+-----+--------+
         Total |   4976 |   4849 |    127 |    209 |   3628 |   6 |  829.3 |
       Dungeon |   4581 |   4454 |    127 |    125 |   3385 |   5 |  916.2 |
         Sewer |    394 |    394 |      0 |     84 |    243 |   1 |  394.0 |
               +--------+--------+--------+--------+--------+-----+--------+

Top non-repeatable levels by time:
     D:3: 1154 daAuts
     D:1: 1129 daAuts
     D:4: 1026 daAuts
     D:2: 815 daAuts
     D:5: 456 daAuts
   Sewer: 394 daAuts
